 Dungeon Crawl Stone Soup version 0.22.1-1-ga44c0e56f4 (webtiles) character file.

200 Ihlosi the Skirmisher (level 5, 0/59 HPs)
             Began as an Ogre Fighter on Nov 1, 2018.
             Succumbed to a worker ant's poison
             ... on level 4 of the Dungeon.
             The game lasted 00:08:12 (3052 turns).

Ihlosi the Skirmisher (Ogre Fighter)                Turns: 3052, Time: 00:08:13

Health: 0/59       AC:  4    Str: 24 (25) XL:     5   Next: 79%
Magic:  5/5        EV:  9    Int: 12 (14) God:
Gold:   75         SH:  9    Dex: 12 (15) Spells: 4/4 levels left

rFire    + + .     SeeInvis .   o - +0 spear (curse)
rCold    + + .     Gourm    .   c - +0 shield
rNeg     . . .     Faith    .   q - +1 robe {rC+ rF+}
rPois    +         Spirit   .   (helmet restricted)
rElec    +         Reflect  .   (no cloak)
rCorr    +         Harm     .   (gloves unavailable)
MR       .....                  (boots unavailable)
Stlth    ..........             (no amulet)
HPRegen  0.19/turn              g - +6 ring of dexterity
MPRegen  0.09/turn              l - ring of attention (curse)

@: mighty, brilliant, lethally poisoned (0 -> -13), resistant
A: large, unfitting armour, tough skin 1
a: no special abilities


You were on level 4 of the Dungeon.
You were not hungry.

You visited 1 branch of the dungeon, and saw 4 of its levels.

You collected 75 gold pieces.

Inventory:

Hand Weapons
 a - a +1 flail
 i - a cursed -1 whip
 o - a cursed +0 spear (weapon)
Armour
 b - a +0 robe
 c - a +0 shield (worn)
 q - a +1 robe of resistance (worn)
Jewellery
 g - a +6 ring of dexterity (left hand)
 k - a +1 ring of protection
 l - a cursed ring of attention (right hand)
Scrolls
 p - a scroll of teleportation
Potions
 e - 2 potions of brilliance
Comestibles
 f - 8 rations
 m - a chunk of flesh


   Skills:
 * Level 5.7 Fighting
 + Level 3.6 Maces & Flails
 + Level 3.5 Dodging
 - Level 3.0 Shields


You had 4 spell levels left.
You didn't know any spells.
Your spell library contained the following spells:

 Spells                   Type           Power        Failure   Level  Hunger
 Summon Small Mammal      Summ           #...         13%         1    ##.....
 Call Imp                 Summ           #.......     19%         2    ###....
 Call Canine Familiar     Summ           #.......     34%         3    ####...
 Summon Guardian Golem    Hex/Summ       #.......     34%         3    ####...
 Summon Ice Beast         Ice/Summ       #.......     69%         4    #####..
 Summon Lightning Spire   Summ/Air       #.......     69%         4    #####..


Dungeon Overview and Level Annotations

Branches:
Dungeon (4/15)
 Temple: D:4-7

Altars:
Cheibriados
Dithmenos

Annotations:
D:4 Blork the orc


Innate Abilities, Weirdness & Mutations

You are too large for most types of armour.
You have tough skin. (AC +1)


Message History

The worker ant waves its antennae.
The worker ant bites you.
* * * LOW HITPOINT WARNING * * *
The worker ant bites you but does no damage.
You completely miss the worker ant.
The worker ant is almost dead.
* * * LOW HITPOINT WARNING * * *
You feel sick. The worker ant bites you.
* * * LOW HITPOINT WARNING * * *
You are more poisoned.
The worker ant poisons you!
You hit the worker ant but do no damage.
The worker ant is almost dead.
Your surroundings suddenly seem different.
* * * LOW HITPOINT WARNING * * *
You feel sick.
Unknown command.
There is a lethal amount of poison in your body!
You feel very mighty all of a sudden.
You die...

....>...
..####.# ..#
o.# #.# #.#
..# #.# ..#
..# #.# #.#
#.# #.# #.#
#.# #<# #.#
#.# #..# #.#
#.# #.## #@#
..# #. #.# ###
#. #.# #. #.#
#.######.###.#
#....<.......#
#..#.#########
.o. ... #
....#


There were no monsters in sight!

Vanquished Creatures
  An orc wizard (D:2)
  Natasha (twice) (D:2)
  4 adders
  3 worms
  3 leopard geckos
  9 orcs
  8 bats
  A giant cockroach (D:3)
  9 goblins
  4 hobgoblins
  2 jackals (D:2)
  8 kobolds
  A quokka (D:2)
  A ball python (D:1)
  5 frilled lizards
  10 rats
71 creatures vanquished.

Notes
Turn   | Place    | Note
-------+----------+-------------------------------------------
     0 | D:1      | Ihlosi the Ogre Fighter began the quest for the Orb.
     0 | D:1      | Reached XP level 1. HP: 24/24 MP: 1/1
   221 | D:1      | Reached XP level 2. HP: 26/32 MP: 2/2
   678 | D:1      | Reached XP level 3. HP: 21/40 MP: 3/3
   981 | D:2      | Reached XP level 4. HP: 39/49 MP: 4/4
  1048 | D:2      | Noticed Natasha
  1067 | D:2      | Killed Natasha
  1067 | D:2      | Reached skill level 5 in Fighting
  1088 | D:2      | Found a faded altar of an unknown god.
  1267 | D:2      | Noticed Natasha
  1274 | D:2      | Killed Natasha
  1274 | D:2      | Reached XP level 5. HP: 36/57 MP: 5/5
  1961 | D:3      | Found a snail-covered altar of Cheibriados.
  2645 | D:3      | Found a shadowy altar of Dithmenos.
  3047 | D:4      | Noticed an ogre
  3047 | D:4      | Noticed Blork the orc
  3050 | D:4      | HP: 2/59 [worker ant (4)]
  3052 | D:4      | Succumbed to a worker ant's poison

Skill      XL: |  1  2  3  4 |
---------------+-------------+-----
Maces & Flails | 2 3 |  3.6
Dodging        | 3 |  3.5
Shields        | 3 |  3.0
Fighting       | 5 |  5.7

Action                   |  1- 3 |  4- 6 || total
-------------------------+-------+-------++-------
Melee: Flail             |    95 |    96 ||   191
       Spear             |       |   108 ||   108
  Use: Scroll            |       |     5 ||     5
       Potion            |       |     5 ||     5
  Eat: Chunk             |       |     7 ||     7
Armor: Robe              |    18 |    62 ||    80
Dodge: Dodged            |    25 |    73 ||    98
Block: Shield            |    41 |    87 ||   128
